 Dungeon Crawl Stone Soup version 0.31.0-11-ge490571c62 (webtiles) character file.

Game seed: 4308317997000203671

96 browni3141 the Cudgeller (level 4, -1/52 HPs)
             Began as a Demonspawn Fighter on Jan 31, 2024.
             Slain by an orc
             ... wielding a +0 club
              (2 damage)
             ... on level 2 of the Dungeon.
             The game lasted 00:01:42 (1831 turns).

browni3141 the Cudgeller (Demonspawn Fighter)       Turns: 1831, Time: 00:01:42

Health: -1/52      AC:  6    Str: 16    XL:     4   Next: 41%
Magic:  4/4        EV:  8    Int: 11    God:
Gold:   90         SH:  8    Dex: 12    Spells: 3/3 levels left

rFire   + . .        a - +0 flail
rCold   . . .        c - +0 buckler
rNeg    . . .        k - +0 scale mail {rF+}
rPois   .            (helmet restricted)
rElec   .            (no cloak)
rCorr   .            (no gloves)
SInv    .            (no boots)
Will    .....        (no amulet) Stlth
                     (no ring)
HPRegen 0.28/turn    (no ring)
MPRegen 0.09/turn

%: no passive effects
@: berserking, very quick
A: antennae 1, powered by death 1, condensation shield
a: no special abilities


You were on level 2 of the Dungeon.
You visited 1 branch of the dungeon, and saw 3 of its levels.

You collected 90 gold pieces.

Inventory:

Hand Weapons
 a - a +0 flail (weapon)
Armour
 b - a +0 scale mail
 c - a +0 buckler (worn)
 k - a +0 scale mail of fire resistance (worn)
Jewellery
 e - a ring of wizardry
Wands
 n - a wand of iceblast (3)
Scrolls
 g - a scroll of blinking {unknown}
 i - a scroll of revelation {unknown}
 l - a scroll of vulnerability {unknown}
 m - a scroll of teleportation {unknown}
Potions
 d - 3 potions of might
 f - a potion of berserk rage
 h - a potion of attraction {unknown}
 j - 2 potions of haste {unknown}


   Skills:
 - Level 3.1 Fighting
 * Level 4.0 Maces & Flails
 - Level 2.8 Armour
 - Level 2.8 Shields


You had 3 spell levels left.
You didn't know any spells.
Your spell library was empty.

Dungeon Overview and Level Annotations

Branches:
Dungeon (3/15)

Altars:


Innate Abilities, Weirdness & Mutations

You have a pair of small antennae on your head.
You regenerate a little health from kills.
A meltable shield of frost defends you. (SH +4)


Message History

The orc is lightly wounded.
The orc misses you. Something hits you but does no damage.
The orc hits you with a +0 mace.
You closely miss something. The orc hits you with a +0 dagger.
You hear some strange, mumbled words.
A magic dart appears from out of thin air!
The magic dart hits you. The orc hits you but does no damage.
You completely miss something. The orc completely misses you.
Something hits you. The orc hits you but does no damage. x2
Something hits you. The orc closely misses you.
You barely miss something.
You feel less confused. You block the orc's attack. Something hits you.
The orc hits you with a +0 mace.
You hit something.
Reactivating autopickup.
You feel a bit more experienced. You block the orc's attack. x2
You have reached level 4!
You feel clever.
Your demonic ancestry asserts itself...
A pair of antennae grows on your head! The orc hits you with a +0 dagger.
The orc attacks as it pursues you! The orc barely misses you.
Things that are here:
a +0 dagger; a +0 robe; an orc corpse The orc attacks as it pursues you!
The orc closely misses you.
You hit the orc.
The orc is heavily wounded.
The orc hits you but does no damage.
You closely miss the orc.
The orc is heavily wounded.
The orc hits you but does no damage. The orc hits you with a +0 dagger.
You hit the orc but do no damage.
The orc is moderately wounded.
The orc hits you but does no damage.
You barely miss the orc.
The orc is lightly wounded.
The orc hits you with a +0 dagger. The orc attacks as it pursues you!
You block the orc's attack.
There is an open door here.
Aiming: Iceblast
Press: ? - help, Shift-Dir - straight line The mass of ice explodes!
The iceblast engulfs the orc!
You kill the orc!
The iceblast engulfs the orc!
You kill the orc!
Things that are here:
a +0 dagger; a +0 leather armour; an orc corpse
Things that are here:
a +0 mace; a +0 ring mail; an orc corpse
There is an open door here.
Things that are here:
a +0 dagger; a +0 robe; an orc corpse Your icy envelope is restored.
There is a stone staircase leading down, spattered with blood here.
You start resting.
HP restored.
You climb downwards.
The orc barely misses you. x2
The orc hits you with a +0 war axe.
There is a stone staircase leading up here.
You closely miss the orc. You block the orc's attack.
The orc hits you with a +0 club. You block the orc's attack.
You hit the orc.
The orc is heavily wounded.
You block the orc's attack. x2; The orc hits you with a +0 club.
The orc hits you but does no damage. x2; The orc barely misses you.
The orc hits you with a +0 mace. The orc hits you with a +0 war axe.
An orc comes into view. It is wielding a +0 hand axe.
The orc shouts!
You block the orc's attack. The orc hits you with a +0 mace.
The orc hits you with a +0 war axe.
You climb upwards.
There is a stone staircase leading down, spattered with blood here.
You closely miss the orc.
The orc is heavily wounded.
You block the orc's attack. x2; The orc hits you but does no damage.
You barely miss the orc.
The orc is heavily wounded.
The orc closely misses you. You block the orc's attack. x2
You sock the orc!
You kill the orc!
The orc hits you with a +0 war axe.
Your Maces & Flails skill increases to level 4!
You hit the orc.
The orc is heavily wounded.
The orc hits you with a +0 club. You block the orc's attack. x2
You hit the orc.
The orc is heavily wounded.
The orc closely misses you. The orc hits you with a +0 war axe.
You block the orc's attack. The orc hits you with a +0 club.
The orc barely misses you. The orc hits you but does no damage.
You barely miss the orc.
The orc is heavily wounded.
The orc hits you with a +0 club. The orc hits you with a +0 war axe.
The orc hits you but does no damage.
It was a potion of berserk rage.
A red film seems to cover your vision as you go berserk!
You feel yourself moving faster!
You feel mighty! The orc hits you with a +0 club. The orc closely misses you.
The orc hits you with a +0 club.
You die...

#..... #.#### #.# #.# ########
#.# #......# #.#### #......#
#.....
#.....)#######################
#....)['....o@#............##.
#......######oo......#####.##.
#########.######.#.####..####.##.
.................#.##.........##.
.########.#..###.#.##..........'.
.# #.#....<...##..####P..##.
.########.##.###.####..#..'...##.
..........##...........#.)#...##.
################.####..####...##.


You could see 3 orcs.

Vanquished Creatures
  An orc wizard (D:2)
  An adder (D:2)
  A gnoll (D:1)
  2 dart slugs
  A ribbon worm (D:2)
  4 orcs (D:2)
  3 ball pythons
  3 endoplasms (D:2)
  A giant cockroach (D:1)
  2 goblins
  6 hobgoblins
  4 kobolds
  2 quokkas
  4 bats
  A frilled lizard (D:2)
  6 rats
42 creatures vanquished.

Notes
Turn   | Place    | Note
-------+----------+-------------------------------------------
     0 | D:1      | browni3141 the Demonspawn Fighter began the quest for the
                  | Orb.
     0 | D:1      | Reached XP level 1. HP: 18/18 MP: 1/1
    16 | D:1      | Reached skill level 2 in Maces & Flails
    16 | D:1      | Gained mutation: You regenerate a little health from kills.
                  | [demonic ancestry]
    16 | D:1      | Reached XP level 2. HP: 2/24 MP: 2/2
   658 | D:1      | Gained mutation: A meltable shield of frost defends you.
                  | (SH +4) [demonic ancestry]
   658 | D:1      | Reached XP level 3. HP: 29/29 MP: 3/3
  1072 | D:2      | Reached skill level 3 in Maces & Flails
  1470 | D:2      | Identified the +0 scale mail of Insurance {Dex+2}
  1685 | D:2      | Gained mutation: You have a pair of small antennae on your
                  | head. [demonic ancestry]
  1685 | D:2      | Reached XP level 4. HP: 6/35 MP: 4/4
  1828 | D:2      | Reached skill level 4 in Maces & Flails
  1831 | D:2      | HP: 1/52 [orc/+0 club (3)]
  1831 | D:2      | Slain by an orc

Illustrated notes

Levels and vault maps discovered:
D:1:      minmay_arrival_solitary_statue, layout_basic, minivault_25
D:2:      layout_basic, amethyst_killhole, corexii_shack
D:3:      layout_loops_cross, serial_bayou_pond_e, minmay_fractal_squares_5

Skill      XL: |  1  2  3  4 |
---------------+-------------+-----
Maces & Flails | 2 3 4 |  4.0
Fighting       | |  3.1
Armour         | |  2.8
Shields        | |  2.8

Action                     |  1- 3 |  4- 6 || total
---------------------------+-------+-------++-------
  Melee: Flail             |   126 |    12 ||   138
  Evoke: Wand              |       |     1 ||     1
    Use: Potion            |       |     1 ||     1
 Armour: Scale mail        |    93 |    26 ||   119
  Dodge: Dodged            |    49 |     9 ||    58
  Block: Buckler           |    55 |    13 ||    68
